 Dungeon Crawl Stone Soup version 0.20.1-1-g8b1a95d (webtiles) character file.

132490 dstrtn the Nimble (level 16, -36/77 HPs)
             Began as a Felid Ice Elementalist on Dec 2, 2017.
             Was a Priest of Elyvilon.
             Shot with an arrow by a deep elf master archer (40 damage)
             ... on level 3 of the Elven Halls on Dec 6, 2017.
             The game lasted 09:46:30 (94603 turns).

dstrtn the Nimble (Felid Ice Elementalist)         Turns: 94603, Time: 09:46:30

Health: -36/77     AC:  3    Str:  5    XL:     16   Next: 27%
Magic:  19/42      EV: 33    Int: 21    God:    Elyvilon [***...]
Gold:   450        SH:  0    Dex: 23    Spells: 2/39 levels left
                                        Lives:  0   Deaths: 4

rFire    + + .     SeeInvis +     - Unarmed
rCold    + + .     Gourm    .   (shield unavailable)
rNeg     . . .     Faith    +   (armour unavailable)
rPois    .         Spirit   .   (helmet unavailable)
rElec    .         Reflect  .   (cloak unavailable)
rCorr    .         Harm     .   (gloves unavailable)
MR       +++..                  (boots unavailable)
Stlth    ++++++....             c - amulet "Rueloh" {Faith rF+ Dex+3}
Regen    0.3/turn               m - ring of protection from magic
MPRegen  0.3/turn               T - ring of Cazuamysh {rF+ MP+9}

@: protection, frozen, very slightly contaminated, slow
A: no armour, no weapons or thrown items, stealth, antennae 1, claws 1, fangs 3,
thin skeletal structure 1, see invisible, carnivore 3, cold resistance 1, speed
1, sense surroundings 1, shaggy fur 3, slow metabolism 1, no potion heal 1,
sharp paws
}: 1/15 runes: barnacled
a: Lesser Healing, Heal Other, Purification, Divine Protection, Renounce
Religion


You were on level 3 of the Elven Halls.
You worshipped Elyvilon.
Elyvilon was most pleased with you.
You were not hungry.

You visited 9 branches of the dungeon, and saw 38 of its levels.
You also visited: Sewer and Ossuary.

You collected 3617 gold pieces.
You spent 3167 gold pieces at shops.

Inventory:

Jewellery
 c - the amulet "Rueloh" (around neck) {Faith rF+ Dex+3}
   (You took it off a merfolk siren on level 4 of the Shoals)

   [amulet of faith]

   It allows you to gain divine favour quickly.
   It affects your dexterity (+3).
   It protects you from fire.
 f - an uncursed ring of flight
 m - a ring of protection from magic (left paw)
 p - an uncursed ring of poison resistance
 q - an uncursed ring of positive energy
 x - the ring "Lisaeff" {rCorr rC- Dex+7 SInv Stlth-, unknown}
   (You took it off a deep elf sorcerer on level 3 of the Elven Halls)

   [ring of resist corrosion]

   It affects your dexterity (+7).
   It makes you vulnerable to cold.
   It lets you see invisible.
   It makes you less stealthy.
 E - the ring of Paeplol {rC+ Int+4, unknown}
   (You took it off a deep elf death mage on level 3 of the Elven Halls)

   [ring of protection from cold]

   It affects your intelligence (+4).
   It protects you from cold.
 K - an uncursed ring of protection from cold
 T - the ring of Cazuamysh (right paw) {rF+ MP+9}
   (You bought it in a shop on level 2 of the Orcish Mines)

   [ring of magical power]

   It protects you from fire.
   It affects your magic capacity (+9).
 V - an uncursed ring of wizardry
Wands
 v - a wand of confusion (20/48)
 D - a wand of acid (5/15)
 H - a wand of iceblast (8/15)
 J - a wand of lightning (4/15)
 N - a wand of iceblast (2/15)
 O - a wand of confusion (8/48)
 W - a wand of iceblast (7/15)
Scrolls
 i - 5 scrolls of immolation
 j - 3 scrolls of noise
 k - 13 scrolls of remove curse
 l - 6 scrolls of recharging
 t - a scroll of teleportation
 w - 4 scrolls of magic mapping
 y - 4 scrolls of fear
 z - 4 scrolls of fog
 R - 2 scrolls of identify
Potions
 d - 6 potions of might
 e - 4 potions of magic
 g - 9 potions of curing
 n - a potion of resistance
 o - 8 potions of lignification
 r - 7 potions of flight
 u - 2 potions of mutation
 B - a potion of cancellation
 Q - 2 potions of ambrosia
 Y - a potion of brilliance
Books
 a - a book of Beasts

   Spells                             Type                      Level
   a - Summon Butterflies             Summoning                    1
   b - Call Canine Familiar           Summoning                    3
   c - Summon Ice Beast               Ice/Summoning                4
   d - Summon Mana Viper              Hexes/Summoning              5
   e - Summon Hydra                   Summoning                    7
 A - a book of Transfigurations

   Spells                             Type                      Level
   a - Irradiate                      Conjuration/Transmutation    5
   b - Statue Form                    Transmutation/Earth          6
   c - Hydra Form                     Transmutation                6
   d - Dragon Form                    Transmutation                7
 F - a book of Geomancy

   Spells                             Type                      Level
   a - Sandblast                      Earth                        1
   b - Passwall                       Transmutation/Earth          2
   c - Stone Arrow                    Conjuration/Earth            3
   d - Petrify                        Transmutation/Earth          4
   e - Lee's Rapid Deconstruction     Earth                        5
 S - a book of Enchantments

   Spells                             Type                      Level
   a - Cause Fear                     Hexes                        4
   b - Yara's Violent Unravelling     Hexes/Transmutation          5
   c - Silence                        Hexes/Air                    5
   d - Deflect Missiles               Charms/Air                   6
   e - Discord                        Hexes                        8
Miscellaneous
 M - a fan of gales
 P - a phial of floods (inert)
Comestibles
 b - 11 meat rations
 h - 21 royal jellies


   Skills:
 - Level 12.4 Fighting
 - Level 14.1 Dodging
 - Level 10.2 Stealth
 - Level 14.0 Unarmed Combat
 + Level 12.3 Spellcasting
 - Level 2.0 Conjurations
 - Level 13.4 Hexes
 - Level 2.0 Charms
 - Level 11.2 Summonings
 - Level 2.0 Translocations
 - Level 11.0 Transmutations
 - Level 6.1 Ice Magic
 - Level 5.1 Air Magic
 - Level 3.4 Earth Magic
 - Level 12.0 Invocations
 - Level 5.0 Evocations


You had 2 spell levels left.
You knew the following spells:

 Your Spells              Type           Power        Failure   Level  Hunger
a - Freeze                Ice            ####         1%          1    None
b - Summon Ice Beast      Ice/Summ       #####...     1%          4    None
c - Confuse               Hex            ######..     1%          3    None
l - Blink                 Tloc           N/A          3%          2    None
o - Ozocubu's Armour      Chrm/Ice       ####....     2%          3    None
s - Summon Lightning Spi  Summ/Air       #####...     1%          4    None
t - Tukima's Dance        Hex            ######..     1%          3    None
w - Passwall              Tmut/Erth      #####.....   1%          2    None
F - Cause Fear            Hex            ######....   1%          4    None
H - Hydra Form            Tmut           ######....   9%          6    #####..
I - Irradiate             Conj/Tmut      #####.....   10%         5    ####...


Dungeon Overview and Level Annotations

Branches:
Dungeon (15/15)            Temple (1/1) D:4            Lair (6/6) D:9
 Shoals (4/4) Lair:3        Snake (4/4) Lair:2        Slime (0/5) Lair:5
    Orc (2/2) D:10            Elf (3/3) Orc:2        Vaults (2/5) D:14
 Depths (1/5) D:15
  Crypt: Vaults:2-3

Altars:
Ashenzari
Cheibriados
Dithmenos
Elyvilon
Fedhas
Gozag
Hepliaklqana
Kikubaaqudgha
Makhleb
Nemelex Xobeh
Okawaru
Qazlal
Ru
Sif Muna
Trog
Uskayaw
Vehumet
Xom
Yredelemnul
Zin
The Shining One
Jiyva

Shops:
D:4 =   D:5 !   D:8 *(   D:11 }((=:   D:13 *   Orc:2 *([*   Elf:1 !%(:*
Elf:2 ?   Elf:3 [   Snake:1 *

Portals:
Hell: Depths:1

Annotations:
D:5 exclusion: downstairs
D:6 hilaritas's ghost, novice TrFi
D:8 exclusion: 2 killer bees
D:10 exclusion: orange crystal statue
D:13 exclusion: downstairs
Lair:1 Gastronok
Lair:2 exclusion: 2 oklob plants
Lair:6 Doomgape's ghost, journeyman MiFi; bananaglory's ghost, journeyman DrWz
Shoals:1 exclusion: downstairs
Shoals:2 Donald
Shoals:3 exclusion: 2 downstairs
Snake:2 exclusion: downstairs
Snake:3 exclusions: naga sharpshooter and shock serpent, Vashnia
Snake:4 exclusion: upstairs
Elf:2 5 runed doors
Vaults:1 exclusion: downstairs
Depths:1 Asterion


Innate Abilities, Weirdness & Mutations

You cannot wear armour.
You are incapable of wielding weapons or throwing items.
Your paws allow you to move quietly. (Stealth)
You have sharp claws.
You have razor-sharp teeth.
You have supernaturally acute eyesight. (SInv)
You are carnivorous and can eat meat at any time.
You cover ground quickly.
Your thick and shaggy fur keeps you warm. (AC +3, rC+)
You have a slow metabolism.
Your sharp claws are effective at attacking unaware monsters.
You have a pair of small antennae on your head.
You have a somewhat thin skeletal structure. (Dex +2, Stealth)
Your flesh is cold resistant. (rC+)
You passively map a small area around you.
Potions are less effective at restoring your health.


Message History

Elyvilon protects you from harm!
You are encased in ice.
Found four items.
An eye of draining comes into view.
You see here an arrow.
Okay, then.
You beseech Elyvilon to protect your life.
The deep elf master archer shoots an arrow.
The arrow misses you. The rime drake bites you!
* * * LOW HITPOINT WARNING * * *
The eye of draining pulsates ominously.
The eye of draining gazes at you.
A deep elf high priest and a deep elf elementalist come into view.
The deep elf high priest is wielding a trident of venom.
A deep elf mage and a deep elf death mage come into view.
The deep elf death mage is wielding a long sword of freezing.
The deep elf master archer shoots an arrow.
The arrow hits you!!!
Ouch! That really hurt!
You die...

##§..##* #
##.......(,,,,,,,,
#.....# .##
##.....e...,,,,,,,,
##...##...#
#..........***,,,,,
##.)§e..(.#
#........#** ***,,,
###'###...# *
#.......#* **,, ###.#
#.# ##..e....# *,,
.##.# #..# #..)....#*
**, .##.#
#(.###...(...# *,
..#.# #.......@k...#*
**, ..#.#
####........).# *,,
..#.# #.........G#*
**,, .##.#
#.....e.....#** ***,,,
.##.#
##............***,,,,*
###.#
#.......e....,,,,,,**
###'##
##..e..⌠.e...,,,,***,
##...#
#..........,,****,,,
*#...#*
**,,,,,,,,,,,*,,,,,,


You could see a deep elf master archer, a deep elf death mage (wandering), a
deep elf elementalist (wandering), a deep elf archer (wandering), a deep elf
high priest, a deep elf mage (wandering), an eye of draining and a rime drake.

Vanquished Creatures
  Saint Roka (Depths:1)
  Rupert (D:14)
  2 deep elf blademasters (Elf:3)
  Ilsuiw (Shoals:4)
  2 nagarajas
  A frost giant (Shoals:4)
  4 deep elf sorcerers (Elf:3)
  A deep elf elementalist (Elf:3)
  The ghost of Britaniac the Thaumaturge, a journeyman DEFE of Vehumet (Shoals:1)
  3 ironheart preservers
  A vampire knight (Vaults:1)
  Nessos (Lair:5)
  2 deep elf demonologists
  A deep elf annihilator (Elf:3)
  2 merfolk javelineers (Shoals:4)
  A deep elf death mage (Elf:3)
  4 merfolk impalers
  A fire dragon (Depths:1)
  2 yaktaur captains (Vaults:1)
  A deep elf high priest (Elf:3)
  Erolcha (Orc:1)
  An alligator snapping turtle (Shoals:3)
  5 naga warriors
  3 ogre magi
  An ice dragon (Vaults:1)
  A catoblepas (D:15)
  A death yak (Lair:4)
  5 anacondas
  4 centaur warriors
  2 merfolk aquamancers
  2 merfolk avatars
  16 dancing weapons
  11 two-headed ogres
  3 satyrs (Shoals:3)
  3 shock serpents
  2 naga sharpshooters
  11 deep elf knights
  A shadow wraith (Vaults:1)
  2 salamander mystics
  A skeletal warrior (Vaults:1)
  7 sea snakes
  2 deep trolls (Vaults:2)
  2 naga ritualists
  A glowing orange brain (Vaults:1)
  6 deep elf archers
  An ironbrand convoker (Vaults:1)
  A necromancer (D:15)
  42 deep elf magi
  3 orc knights
  An orc sorcerer (Orc:1)
  7 harpies
  A mana viper (Snake:3)
  6 cyclopes
  2 wolf spiders (Vaults:2)
  9 fauns
  21 ugly things
  4 salamanders
  An elephant (Lair:6)
  23 black mambas
  A vault sentinel (Vaults:2)
  6 merfolk sirens
  4 manticores
  2 centaur zombies
  2 water nymphs
  5 naga magi
  4 spiny frogs
  2 gargoyles
  A spiny frog (shapeshifter) (D:14)
  A rime drake (shapeshifter) (Depths:1)
  8 yaktaurs
  2 freezing wraiths
  2 komodo dragons (Lair:2)
  A troll (D:14)
  2 meliai (D:14)
  A queen bee (D:14)
  11 merfolk
  5 slime creatures
  2 blink frogs
  2 hornets (Lair:6)
  2 hippogriffs
  9 snapping turtles
  7 water elementals
  A shadow (D:15)
  4 air elementals
  10 spriggans
  19 yaks
  A vampire (D:9)
  2 basilisks
  6 wargs
  Edmund (D:6)
  A soldier ant (D:12)
  17 nagas
  A water moccasin (shapeshifter) (Vaults:1)
  An acid dragon (Vaults:2)
  A water moccasin (D:11)
  3 porcupines
  A black bear (D:8)
  16 orc warriors
  3 sky beasts
  17 wolves
  2 boggarts
  A tengu (shapeshifter) (Vaults:1)
  22 ogres
  3 centaurs
  5 crocodiles
  3 big kobolds
  14 bullfrogs
  A scorpion (shapeshifter) (D:15)
  A killer bee (D:14)
  A wight (D:14)
  2 crimson imps
  2 bullfrog zombies (D:12)
  5 orc priests
  14 orc wizards
  5 hounds
  3 jellies (D:10)
  3 bullfrog skeletons
  3 iguanas
  4 worker ants
  A hound zombie (D:11)
  A hound skeleton (D:4)
  A worker ant zombie (D:11)
  8 gnolls
  12 adders
  A howler monkey skeleton (D:10)
  A river rat (Sewer)
  2 white imps (Vaults:1)
  An ufetubus (Vaults:1)
  3 oozes
  An adder zombie (Ossuary)
  3 worms
  A dart slug (D:1)
  11 leopard geckos
  44 orcs
  A ball python (D:1)
  6 giant cockroaches
  6 hobgoblins
  6 jackals
  2 quokkas
  4 bats
  4 frilled lizards
  8 goblins
  19 kobolds
  A kobold zombie (Ossuary)
  A quokka zombie (Ossuary)
  15 rats
  A fungus (Lair:6)
  3 plants (Shoals:4)
698 creatures vanquished.

Vanquished Creatures (collateral kills)
  A fire giant (Depths:1)
  3 vault wardens
  Louise (Snake:1)
  5 deep elf sorcerers
  An ironheart preserver (Vaults:1)
  2 stone giants (Depths:1)
  4 very ugly things
  4 deep elf annihilators
  2 merfolk javelineers (Shoals:4)
  4 merfolk impalers
  Harold (Orc:1)
  A great orb of eyes (Depths:1)
  A yaktaur captain (Vaults:2)
  4 deep elf high priests (Elf:3)
  Josephine (D:13)
  8 ogre magi
  An ice dragon (Vaults:1)
  8 hydras
  7 naga warriors
  3 merfolk avatars
  An anaconda (Snake:2)
  25 two-headed ogres
  4 centaur warriors
  A dancing weapon (Orc:2)
  An orc high priest (Orc:1)
  A tengu warrior (D:15)
  6 naga sharpshooters (Snake:1)
  A deep troll shaman (Depths:1)
  7 merfolk aquamancers
  4 death yaks (Lair:4)
  Urug (Lair:5)
  A shock serpent (Snake:2)
  8 deep elf knights
  A fire crab (D:15)
  2 skeletal warriors (Vaults:1)
  4 sea snakes
  A flayed ghost (Depths:1)
  A naga ritualist (Snake:2)
  6 orc knights
  A mana viper (Snake:1)
  5 deep elf archers
  4 harpies (Shoals:4)
  A wizard (Vaults:1)
  2 ironbrand convokers (Vaults:1)
  20 deep elf magi
  4 elephants
  2 cyclopes
  12 ugly things
  6 manticores
  5 salamanders
  3 orc sorcerers
  10 fauns
  3 guardian serpents
  8 merfolk sirens
  7 black mambas
  8 naga magi
  3 water nymphs
  A gargoyle (D:12)
  5 spiny frogs
  3 rime drakes
  9 yaktaurs
  2 komodo dragons (Lair:5)
  4 polar bears
  10 trolls
  A meliai (D:14)
  10 merfolk
  2 hornets (Lair:6)
  11 slime creatures (Vaults:1)
  A blink frog (shapeshifter) (D:15)
  11 blink frogs
  15 dream sheep
  8 hippogriffs
  3 snapping turtles
  A centaur simulacrum (D:15)
  A fire giant simulacrum (Vaults:1)
  A shadow (D:12)
  6 spriggans (Lair:6)
  4 wraiths
  An air elemental (Elf:3)
  65 yaks
  A vampire (D:10)
  5 water elementals
  A fire elemental (Elf:3)
  2 wyverns (D:12)
  2 humans (D:9)
  6 basilisks
  Menkaure (Ossuary)
  A hungry ghost (D:11)
  17 nagas
  2 wargs
  An acid dragon (Vaults:1)
  9 water moccasins
  3 porcupines
  29 orc warriors
  4 black bears
  A phantom (D:5)
  An ice beast (D:9)
  25 ogres
  22 wolves
  13 centaurs
  A boggart (Lair:6)
  12 crocodiles
  2 big kobolds
  An elf zombie (Ossuary)
  14 bullfrogs
  2 gnoll sergeants
  A scorpion (D:6)
  A water moccasin skeleton (D:7)
  20 killer bees
  16 wights
  5 crimson imps
  9 centaur zombies
  4 bullfrog skeletons
  7 jellies
  13 orc priests
  7 hounds
  5 centaur skeletons
  19 orc wizards
  An iguana (D:10)
  3 worker ants
  2 killer bee zombies
  An ogre zombie (Ossuary)
  2 hound skeletons
  6 mummies (Ossuary)
  3 gnolls (Orc:2)
  4 adders
  2 shadow imps
  5 oozes (D:8)
  2 adder zombies (Ossuary)
  29 orcs
  A gnoll zombie (Ossuary)
  3 goblin zombies (Ossuary)
  7 hobgoblin zombies (Ossuary)
  8 kobolds
  A kobold zombie (Ossuary)
  An orc zombie (Ossuary)
  3 quokka zombies (Ossuary)
  3 rat zombies (Ossuary)
  3 fungi
  4 plants
796 creatures vanquished.

Vanquished Creatures (others)
  A two-headed ogre (Vaults:1)
  A deep elf knight (Elf:1)
  A deep elf archer (Elf:1)
  An elephant (Lair:4)
  A black mamba (Snake:1)
  A yaktaur (Vaults:1)
  19 dancing weapons
  A blink frog (Lair:4)
  A water moccasin (Lair:3)
  An orc warrior (D:14)
  An ogre (Vaults:1)
  An orc wizard (D:12)
  2 orcs (D:12)
  A bush (Lair:2)
  35 fungi
  33 plants
  16 tentacles
117 creatures vanquished.

Grand Total: 1611 creatures vanquished

Notes
Turn   | Place    | Note
-------+----------+-------------------------------------------
     0 | D:1      | dstrtn the Felid Ice Elementalist began the quest for the Orb.
     0 | D:1      | Reached XP level 1. HP: 7/7 MP: 4/4
   396 | D:1      | Reached XP level 2. HP: 11/11 MP: 0/6
   543 | D:1      | Learned a level 2 spell: Throw Frost
   748 | D:1      | Reached skill level 1 in Conjurations
  1047 | D:1      | Reached XP level 3. HP: 14/14 MP: 7/7
  1423 | D:2      | Learned a level 3 spell: Ozocubu's Armour
  1523 | D:2      | Reached skill level 1 in Charms
  1523 | D:2      | Reached XP level 4. HP: 18/18 MP: 0/8
  3391 | D:4      | Found a hazy altar of Hepliaklqana.
  3397 | D:4      | Reached XP level 5. HP: 21/21 MP: 7/9
  3675 | D:4      | Found a glowing golden altar of the Shining One.
  3675 | D:4      | Found a shimmering altar of Xom.
  3831 | D:4      | Found a glowing drain.
  3839 | D:4      | Found Ufaest's Jewellery Emporium.
  3846 | D:4      | Bought a +1 ring of evasion for 39 gold pieces
  3863 | D:4      | Reached skill level 5 in Stealth
  3906 | Sewer    | Entered a sewer
  4022 | Sewer    | Noticed soepske's ghost (amateur FoFi)
  4380 | D:4      | Learned a level 3 spell: Call Canine Familiar
  4588 | D:4      | Found a shadowy altar of Dithmenos.
  4623 | D:5      | Entered Level 5 of the Dungeon
  4799 | D:5      | Found Dumurr's Distillery.
  4807 | D:5      | Bought a potion of heal wounds for 70 gold pieces
  4954 | D:5      | Reached skill level 1 in Summonings
  4954 | D:5      | Gained mutation: You are covered in thick fur. (AC +2) [Felid growth]
  4954 | D:5      | Reached XP level 6. HP: 24/24 MP: 4/11
  5075 | D:5      | Found a hide-covered altar of Uskayaw.
  5706 | D:4      | Found a staircase to the Ecumenical Temple.
  5715 | Temple   | Entered the Ecumenical Temple
  5864 | Temple   | Became a worshipper of Elyvilon the Healer
  6509 | D:6      | Noticed Edmund
  6827 | D:6      | Reached XP level 7. HP: 20/27 MP: 0/12
  6876 | D:6      | Noticed hilaritas's ghost (novice TrFi)
  7039 | D:6      | Killed Edmund
  7065 | D:6      | Learned a level 4 spell: Summon Ice Beast
  7679 | D:6      | Reached * piety under Elyvilon
  7682 | D:6      | Found a white marble altar of Elyvilon.
  7918 | D:7      | Found a sand-covered staircase.
  7966 | Ossuary  | Entered an ossuary
  8458 | Ossuary  | Reached skill level 1 in Invocations
  8820 | Ossuary  | Noticed Menkaure
  9028 | Ossuary  | Killed Menkaure
  9219 | D:7      | Reached skill level 5 in Summonings
  9401 | D:7      | Reached XP level 8. HP: 31/31 MP: 6/15
  9507 | D:7      | Reached ** piety under Elyvilon
 10070 | D:5      | Reached skill level 5 in Ice Magic
 10084 | D:5      | Bought a potion of invisibility for 112 gold pieces
 10436 | D:8      | Found Ysuota's Antique Weapon Boutique.
 10663 | D:8      | Noticed a two-headed ogre
 10685 | D:8      | Killed a two-headed ogre
 10884 | D:8      | Found Sunuon's General Store.
 10889 | D:8      | Bought a potion of haste for 120 gold pieces
 11259 | D:8      | Found a sparkling altar of Nemelex Xobeh.
 11260 | D:8      | Reached *** piety under Elyvilon
 11365 | D:9      | Reached XP level 9. HP: 34/34 MP: 3/16
 11395 | D:8      | Learned a level 4 spell: Summon Lightning Spire
 11426 | D:9      | Noticed a five-headed hydra
 11486 | D:9      | Found an iron altar of Okawaru.
 11525 | D:9      | Reached skill level 1 in Air Magic
 11796 | D:9      | Noticed a troll
 11928 | D:9      | Killed a troll
 12129 | D:9      | Found a staircase to the Lair.
 12464 | D:9      | Killed a five-headed hydra
 12478 | D:9      | Reached skill level 5 in Air Magic
 13254 | D:9      | Reached skill level 1 in Fighting
 13560 | D:9      | Reached skill level 5 in Invocations
 13804 | D:9      | Reached XP level 10. HP: 38/40 MP: 2/17
 14008 | Lair:1   | Entered Level 1 of the Lair of Beasts
 14013 | Lair:1   | Reached **** piety under Elyvilon
 14219 | Lair:1   | Noticed a spiny frog
 14222 | Lair:1   | Killed a spiny frog
 14458 | Lair:1   | Reached skill level 5 in Dodging
 14808 | Lair:1   | Noticed a spiny frog
 14818 | Lair:1   | Killed a spiny frog
 16215 | Lair:1   | Noticed Gastronok
 16679 | Lair:1   | Identified a scroll of acquirement
 16893 | Lair:1   | Reached XP level 11. HP: 35/43 MP: 8/18
 16972 | Lair:1   | Noticed a seven-headed hydra
 16988 | Lair:1   | Killed a seven-headed hydra
 17549 | Lair:2   | Noticed an oklob plant
 17554 | Lair:2   | Noticed an oklob plant
 18772 | Lair:2   | Noticed a seven-headed hydra
 18967 | Lair:2   | Reached skill level 10 in Invocations
 19132 | Lair:2   | Noticed a seven-headed hydra
 19158 | Lair:2   | Found a staircase to the Snake Pit.
 19236 | Lair:2   | Killed a seven-headed hydra
 19341 | Lair:2   | Killed a seven-headed hydra
 19577 | Lair:3   | Found a labyrinth entrance.
 20285 | Lair:3   | Learned a level 2 spell: Passwall
 20580 | Lair:3   | Found a staircase to the Shoals.
 20608 | Lair:3   | Reached skill level 1 in Earth Magic
 20848 | Lair:4   | Reached ***** piety under Elyvilon
 20877 | Lair:4   | Reached skill level 1 in Transmutations
 21048 | Lair:4   | Noticed a death yak
 21050 | Lair:4   | Noticed a death yak
 21102 | Lair:4   | Noticed an eight-headed hydra
 21116 | Lair:4   | Killed an eight-headed hydra
 21716 | Lair:4   | Reached skill level 10 in Stealth
 22034 | Lair:4   | Noticed Sonja
 22034 | Lair:4   | Pacified Sonja
 22079 | Lair:4   | Gained mutation: Your thick and shaggy fur keeps you warm. (AC +3, rC+) [Felid growth]
 22079 | Lair:4   | Reached XP level 12. HP: 46/46 MP: 3/21
 22501 | Lair:4   | Noticed a death yak
 22502 | Lair:4   | Noticed a death yak
 22727 | Lair:4   | Killed a death yak
 22767 | Lair:4   | Killed a death yak
 22833 | Lair:4   | Noticed a death yak
 22940 | Lair:4   | Killed a death yak
 23403 | Lair:4   | Reached skill level 10 in Dodging
 23685 | Lair:4   | Killed a death yak
 24002 | Lair:4   | Killed a death yak
 24147 | Lair:5   | Noticed Nessos
 24166 | Lair:5   | Killed Nessos
 24361 | Lair:5   | Noticed a seven-headed hydra
 24372 | Lair:5   | Killed a seven-headed hydra
 24931 | Lair:5   | Found a staircase to the Slime Pits.
 24931 | Lair:5   | Found a viscous altar of Jiyva.
 25065 | Lair:5   | Noticed Urug
 25085 | Lair:5   | Killed Urug
 25261 | Lair:6   | Entered Level 6 of the Lair of Beasts
 25881 | Lair:6   | Noticed bananaglory's ghost (journeyman DrWz)
 25885 | Lair:6   | Found a radiant altar of Vehumet.
 26103 | D:10     | Entered Level 10 of the Dungeon
 26192 | D:10     | Reached skill level 1 in Evocations
 26366 | D:10     | Noticed a two-headed ogre
 26815 | D:10     | Killed a two-headed ogre
 27384 | D:10     | Found a staircase to the Orcish Mines.
 28876 | D:10     | Noticed a two-headed ogre
 28963 | D:10     | Killed a two-headed ogre
 28963 | D:10     | Reached skill level 5 in Evocations
 29140 | Orc:1    | Entered Level 1 of the Orcish Mines
 29261 | Orc:1    | Noticed Erolcha
 29587 | Orc:1    | Noticed Harold
 29629 | Orc:1    | Killed Harold
 29629 | Orc:1    | Reached XP level 13. HP: 52/52 MP: 1/23
 29639 | Orc:1    | Was placed under penance by Elyvilon
 30736 | Orc:1    | Was forgiven by Elyvilon
 30863 | Orc:1    | Killed Erolcha
 31371 | Orc:2    | Entered Level 2 of the Orcish Mines
 32382 | Orc:2    | Found a staircase to the Elven Halls.
 33448 | Orc:2    | Reached skill level 5 in Fighting
 34014 | Orc:2    | Reached skill level 10 in Summonings
 34520 | Orc:2    | Found Uquot's Armour Emporium.
 34520 | Orc:2    | Found Fofira's General Store.
 34535 | Orc:2    | Found Wemaf's General Store.
 34536 | Orc:2    | Found Syunaol's Antique Weapon Emporium.
 34582 | Orc:2    | Bought the ring of Cazuamysh {rF+ MP+9} for 408 gold pieces
 34582 | Orc:2    | Bought a scroll of silence for 90 gold pieces
 34582 | Orc:2    | Bought a scroll of identify for 24 gold pieces
 34582 | Orc:2    | Bought a wand of iceblast (8/15) for 144 gold pieces
 34582 | Orc:2    | Bought a scroll of amnesia for 42 gold pieces
 34583 | Orc:2    | Bought a scroll of teleportation for 39 gold pieces
 34583 | Orc:2    | Bought a scroll of identify for 26 gold pieces
 34583 | Orc:2    | Bought a scroll of identify for 26 gold pieces
 34878 | D:11     | Found Huasuur's Antique Weapon Shoppe.
 34880 | D:11     | Found Ydyph's Changing Room.
 35222 | D:11     | Found Othreuc's Gadget Boutique.
 35228 | D:11     | Found Ziavi Lyku's Weapon Shop.
 35269 | D:11     | Found Pimaapt's Book Shoppe.
 35617 | D:11     | Found Xeubudio's Jewellery Boutique.
 35773 | D:12     | Reached ****** piety under Elyvilon
 36981 | D:13     | Reached skill level 1 in Unarmed Combat
 37337 | D:13     | Noticed Josephine
 37372 | D:13     | Killed Josephine
 37574 | D:13     | Found Fuhaditu's General Store.
 37578 | D:13     | Bought a scroll of magic mapping for 45 gold pieces
 37850 | D:14     | Reached XP level 14. HP: 54/60 MP: 24/24
 38228 | D:14     | Found a gate to the Vaults.
 38243 | D:14     | Was placed under penance by Elyvilon
 38497 | D:14     | Noticed Rupert
 38808 | D:15     | Entered Level 15 of the Dungeon
 40936 | D:15     | Found a staircase to the Depths.
 41771 | Lair:6   | Was forgiven by Elyvilon
 41947 | Lair:6   | Noticed Doomgape's ghost (journeyman MiFi)
 42205 | Lair:6   | Reached skill level 5 in Unarmed Combat
 42821 | Snake:1  | Entered Level 1 of the Snake Pit
 43532 | Snake:1  | Learned a level 3 spell: Confuse
 43564 | Snake:1  | Reached skill level 1 in Hexes
 44748 | Lair:6   | Reached skill level 5 in Hexes
 45980 | Snake:1  | Found a stormy altar of Qazlal.
 46127 | Snake:1  | Noticed Louise
 46159 | Snake:1  | Killed Louise
 46433 | Snake:1  | Found Haisu's General Store.
 47959 | Shoals:1 | Entered Level 1 of the Shoals
 48006 | Shoals:1 | Noticed Britaniac's ghost (journeyman DEFE)
 48269 | D:8      | Bought a book of Minor Magic for 240 gold pieces
 48273 | D:8      | Learned a level 2 spell: Blink
 48468 | Shoals:1 | Killed Britaniac's ghost
 48715 | Shoals:1 | Reached skill level 10 in Hexes
 50018 | Snake:2  | Reached XP level 15. HP: 38/66 MP: 0/25
 51174 | Snake:1  | HP: 2/66 [salamander/trident of venom (9)]
 52224 | Shoals:1 | Reached skill level 5 in Spellcasting
 52341 | Shoals:1 | Learned a level 2 spell: Ensorcelled Hibernation
 53057 | Shoals:2 | Noticed Donald
 53724 | Shoals:2 | You fall through a shaft!
 54754 | Shoals:3 | Was placed under penance by Elyvilon
 55330 | Lair:2   | Learned a level 4 spell: Cause Fear
 55663 | Snake:2  | Noticed a nagaraja
 56724 | Snake:2  | HP: 1/66 [poisoned by a nagaraja (poison arrow)]
 56724 | Snake:2  | Elyvilon protects you from harm!
 56724 | Snake:2  | Slain by a nagaraja
 56725 | Snake:2  | Reached XP level 14. HP: -3/62 MP: 0/26
 57387 | Depths:1 | Entered Level 1 of the Depths
 57393 | Depths:1 | Noticed a white very ugly thing
 57394 | Depths:1 | Noticed a white very ugly thing
 57397 | Depths:1 | Noticed a lich
 57429 | Depths:1 | Gained mutation: Your flesh is cold resistant. (rC+) [mutagenic meat]
 57430 | Depths:1 | Gained mutation: Potions are less effective at restoring your health. [mutagenic meat]
 57431 | Depths:1 | Gained mutation: You are weak. (Str -2) [mutagenic meat]
 57437 | Depths:1 | Noticed a fire giant
 57444 | Depths:1 | Noticed a stone giant
 57496 | Depths:1 | Lost mutation: Your flesh is cold resistant. (rC+) [potion of mutation]
 57496 | Depths:1 | Lost mutation: You are weak. (Str -2) [potion of mutation]
 57496 | Depths:1 | Gained mutation: You have a somewhat thin skeletal structure. (Dex +2, Stealth) [potion of mutation]
 57496 | Depths:1 | Gained mutation: You passively map a small area around you. [potion of mutation]
 57496 | Depths:1 | Gained mutation: Your flesh is cold resistant. (rC+) [potion of mutation]
 57496 | Depths:1 | Gained mutation: You have a pair of small antennae on your head. [potion of mutation]
 57500 | Depths:1 | Slain by a fire dragon
 57501 | Depths:1 | Reached XP level 13. HP: -3/58 MP: 0/34
 57508 | Depths:1 | Noticed a stone giant
 57599 | Depths:1 | Killed a stone giant
 57754 | Depths:1 | Killed a fire giant
 57995 | Depths:1 | Found a gateway to Hell.
 58064 | Depths:1 | Noticed Saint Roka
 58123 | Depths:1 | Killed Saint Roka
 58275 | Depths:1 | Reached XP level 14. HP: 54/62 MP: 28/28
 58498 | Depths:1 | Noticed a stone giant
 58674 | Depths:1 | Killed a stone giant
 58858 | Depths:1 | Noticed Asterion
 59010 | Depths:1 | Noticed a stone giant
 59016 | Depths:1 | Noticed a purple very ugly thing
 59016 | Depths:1 | Noticed a purple very ugly thing
 59016 | Depths:1 | Noticed a purple very ugly thing
 59075 | D:15     | Learned a level 5 spell: Lee's Rapid Deconstruction
 59691 | Snake:2  | Reached skill level 10 in Spellcasting
 60638 | Shoals:3 | Was forgiven by Elyvilon
 60720 | Shoals:3 | Noticed a kraken
 61272 | Shoals:3 | Reached skill level 5 in Transmutations
 61535 | Shoals:4 | Entered Level 4 of the Shoals
 62009 | Shoals:4 | Noticed a kraken
 63539 | D:11     | Bought a book of Transfigurations for 770 gold pieces
 63547 | D:11     | Learned a level 6 spell: Hydra Form
 63927 | Shoals:4 | Noticed Ilsuiw
 64061 | Shoals:4 | Noticed a kraken
 64999 | Shoals:4 | Killed Ilsuiw
 65262 | Shoals:4 | HP: 4/80 [merfolk javelineer/javelin of returning (21)]
 65268 | Shoals:4 | Reached XP level 15. HP: 29/66 MP: 0/30
 65271 | Shoals:4 | HP: 3/85 [merfolk javelineer/javelin of returning (8)]
 65843 | Shoals:4 | Got a clouded bronze amulet
 65854 | Shoals:4 | Identified the amulet "Rueloh" {Faith rF+ Dex+3} (You took it off a merfolk siren on level 4 of the Shoals)
 66402 | Shoals:4 | Got a coiled iron ring
 66418 | Shoals:4 | Identified the ring "Othinuz" {*Slow rF++ SInv} (You found it on level 4 of the Shoals)
 66467 | Shoals:4 | Noticed a frost giant
 66786 | Shoals:4 | Got a barnacled rune of Zot
 66839 | Shoals:4 | Killed a frost giant
 67785 | D:13     | Bought a potion of resistance for 130 gold pieces
 67785 | D:13     | Bought a potion of curing for 39 gold pieces
 67785 | D:13     | Bought a potion of might for 52 gold pieces
 68696 | D:14     | Killed Rupert
 69178 | D:14     | Learned a level 3 spell: Tukima's Dance
 69225 | Vaults:1 | Entered Level 1 of the Vaults
 69882 | Vaults:1 | Reached skill level 10 in Transmutations
 69992 | Vaults:1 | Noticed a vault warden
 70417 | Vaults:1 | Killed a vault warden
 70946 | Vaults:1 | Noticed a vault warden
 72663 | Vaults:1 | Killed a vault warden
 72966 | Vaults:1 | Reached skill level 10 in Unarmed Combat
 73220 | Vaults:1 | Reached XP level 16. HP: 57/69 MP: 31/31
 76622 | Vaults:2 | Reached skill level 1 in Translocations
 77696 | Vaults:1 | HP: 3/72 [vampire knight (27)]
 77696 | Vaults:1 | Elyvilon protects you from harm!
 77697 | Vaults:1 | Elyvilon protects you from harm!
 78316 | Vaults:2 | Elyvilon protects you from harm!
 79849 | Snake:3  | Noticed Vashnia
 81049 | Snake:3  | Reached skill level 10 in Fighting
 82733 | Snake:4  | Entered Level 4 of the Snake Pit
 83010 | Snake:3  | Learned a level 5 spell: Irradiate
 83252 | Snake:3  | Elyvilon protects you from harm!
 83253 | Snake:3  | Elyvilon protects you from harm!
 83253 | Snake:3  | Killed from afar by a shock serpent
 83254 | Snake:3  | Reached XP level 15. HP: -22/69 MP: 40/40
 84427 | Vaults:1 | Noticed a tentacled monstrosity
 84449 | Vaults:1 | Noticed an ancient lich
 84991 | Depths:1 | Noticed a fire giant
 84998 | Depths:1 | Noticed an Executioner
 85492 | Orc:2    | Reached XP level 16. HP: 74/74 MP: 29/32
 85536 | Elf:1    | Entered Level 1 of the Elven Halls
 85927 | Elf:1    | Found Qayggogra's Food Shoppe.
 85951 | Elf:1    | Found Jyujappykke's Antique Weapon Shoppe.
 87019 | Elf:1    | Found Caicloyb's Assorted Antiques.
 87051 | Elf:1    | Found Pannass's Book Emporium.
 87661 | Elf:1    | Found Wustralyu's Distillery.
 87832 | Elf:1    | HP: 1/98 [deep elf knight/short sword (4)]
 89109 | Elf:2    | Found Odghynk's Magic Scroll Boutique.
 89113 | Elf:2    | Bought a scroll of identify for 36 gold pieces
 89190 | Elf:2    | Found a huge runed gate.
 89190 | Elf:2    | Found a huge runed gate.
 89191 | Elf:2    | Found a huge runed gate.
 89192 | Elf:2    | Found a huge runed gate.
 89293 | Elf:2    | Found a huge runed gate.
 90295 | Elf:1    | Bought a book of Beasts for 715 gold pieces
 90595 | Elf:3    | Entered Level 3 of the Elven Halls
 90650 | Elf:3    | Found Koryonav's Antique Armour Shoppe.
 91870 | Elf:3    | Noticed a deep elf blademaster
 91890 | Elf:3    | Killed a deep elf blademaster
 91893 | Elf:3    | Reached XP level 17. HP: 81/81 MP: 15/33
 92454 | Elf:3    | Elyvilon protects you from harm!
 93204 | Elf:3    | Got a brightly glowing glass ring
 93667 | Elf:3    | Got a smoking amber ring
 93960 | Elf:3    | Noticed a deep elf blademaster
 93977 | Elf:3    | Killed from afar by a deep elf annihilator
 93978 | Elf:3    | Reached XP level 16. HP: -9/77 MP: 36/42
 94107 | Elf:3    | Killed a deep elf blademaster
 94534 | Elf:3    | HP: 2/77 [acid (15)]
 94601 | Elf:3    | Noticed a deep elf master archer
 94601 | Elf:3    | Elyvilon protects you from harm!
 94603 | Elf:3    | Shot with an arrow by a deep elf master archer

Skill      XL: |  1  2  3  4  5  6  7  8  9 10 11 12 13 14 15 16 17 |
---------------+----------------------------------------------------+-----
Ice Magic      | 3 4 6 |  6.1
Dodging        | 3 7 9 10 13 14 | 14.1
Stealth        | 3 4 5 7 10 | 10.2
Conjurations   | 1 2 |  2.0
Charms         | 1 2 |  2.0
Spellcasting   | 3 4 9 10 7 11 12 | 12.3
Summonings     | 1 4 5 6 7 8 10 11 | 11.2
Invocations    | 1 3 5 8 11 12 | 12.0
Air Magic      | 5 |  5.1
Fighting       | 2 4 6 7 12 | 12.4
Earth Magic    | 2 3 |  3.4
Transmutations | 2 3 8 11 | 11.0
Evocations     | 5 |  5.0
Unarmed Combat | 1 7 12 14 | 14.0
Hexes          | 11 13 | 13.4
Translocations | 2 |  2.0

Action                   |  1- 3 |  4- 6 |  7- 9 | 10-12 | 13-15 | 16-18 || total
-------------------------+-------+-------+-------+-------+-------+-------++-------
Melee: Unarmed           |    18 |    80 |    61 |   115 |  1435 |   653 ||  2362
       Bite              |       |     5 |     4 |    14 |   189 |    52 ||   264
       Punch             |       |       |       |       |    41 |    25 ||    66
 Cast: Freeze            |    44 |   102 |    49 |   163 |   502 |       ||   860
       Throw Frost       |     5 |    36 |     7 |    46 |    28 |       ||   122
       Ozocubu's Armour  |     1 |     4 |       |     1 |    22 |    38 ||    66
       Call Canine Famil |       |    15 |    36 |    15 |    54 |       ||   120
       Summon Ice Beast  |       |       |    80 |   184 |   555 |   226 ||  1045
       Summon Lightning  |       |       |    20 |   127 |   295 |   122 ||   564
       Passwall          |       |       |       |     9 |    24 |     2 ||    35
       Confuse           |       |       |       |       |   386 |   165 ||   551
       Hydra Form        |       |       |       |       |    11 |    40 ||    51
       Lee's Rapid Decon |       |       |       |       |     3 |       ||     3
       Blink             |       |       |       |       |     6 |     5 ||    11
       Tukima's Dance    |       |       |       |       |    26 |    64 ||    90
       Irradiate         |       |       |       |       |     1 |    37 ||    38
       Cause Fear        |       |       |       |       |     1 |       ||     1
       Ensorcelled Hiber |       |       |       |       |     1 |       ||     1
Invok: Lesser Healing    |       |       |     2 |     5 |    10 |    44 ||    61
       Heal Other        |       |       |       |    12 |     2 |       ||    14
       Divine Vigour     |       |       |       |     2 |     1 |       ||     3
       Greater Healing   |       |       |       |     1 |    24 |     7 ||    32
       Divine Protection |       |       |       |     1 |     7 |     4 ||    12
       Purification      |       |       |       |       |     1 |       ||     1
 Abil: Evoke Flight      |       |       |       |       |    46 |       ||    46
       Stop Flying       |       |       |       |       |     1 |       ||     1
       End Transformatio |       |       |       |       |     2 |    24 ||    26
Evoke: Wand              |       |       |       |    24 |    67 |    18 ||   109
       Fan of gales      |       |       |       |     1 |     6 |     1 ||     8
       Sack of spiders   |       |       |       |       |     4 |       ||     4
       Phial of floods   |       |       |       |       |     4 |     5 ||     9
  Use: Scroll            |       |    10 |     9 |    12 |    34 |    17 ||    82
       Potion            |       |     3 |       |       |    33 |     7 ||    43
 Stab: Sleeping          |     4 |    10 |     8 |     5 |    37 |     9 ||    73
       Distracted        |       |       |     1 |     5 |    29 |    10 ||    45
       Confused          |       |       |       |       |   204 |    72 ||   276
       Invisible         |       |       |       |       |     6 |     3 ||     9
  Eat: Chunk             |     9 |    13 |    38 |    92 |   192 |    40 ||   384
       Royal jelly       |       |       |       |       |    10 |       ||    10
Armor: Skin              |     2 |    10 |     2 |    15 |    85 |    72 ||   186
Dodge: Dodged            |    36 |   129 |   114 |   340 |  2125 |   578 ||  3322
